Map: Odyssey LE

Players

SamuraiFunn

  • Race: Protoss Protoss
  • Spawn Location: 11:00

A.I. 1 (Very Hard) - Winner!

  • Race: Zerg Zerg
  • Spawn Location: 5:00

VOD

Have the link to the VOD?

Description

Time

  • Played on: Oct. 30, 2017, 9:22 p.m.
  • Length: 11:20
Show
View Real Time Build Order
Export as new Build Order

SamuraiFunn Protoss 

Build Orders:  

Get SALT Encoding   

  12  0:01  Probe (Chrono Boost)  
  13  0:12  Probe (Chrono Boost)  
  14  0:30  Pylon  
  14  0:42  Probe (Chrono Boost)  
  15  0:45  Assimilator  
  15  0:52  Probe (Chrono Boost)  
  16  1:05  Gateway  
  16  1:12  Probe (Chrono Boost)  
  17  1:23  Probe (Chrono Boost)  
  18  1:33  Probe (Chrono Boost)  
  19  1:42  Nexus  
  19  1:44  Probe (Chrono Boost)  
  20  2:00  Cybernetics Core  
  20  2:08  Probe (Chrono Boost)  
  21  2:19  Probe (Chrono Boost)  
  21  2:21  Assimilator  
  22  2:29  Probe (Chrono Boost)  
  23  2:37  Pylon  
  23  2:56  Gateway  
  22  2:58  Adept  
  26  3:13  Probe x2 (Chrono Boost)  
  26  3:17  Pylon  
  26  3:23  Probe x2 (Chrono Boost)  
  28  3:45  Twilight Council  
  28  3:57  Forge  
  28  4:06  Probe x2 (Chrono Boost)  
  30  4:10  Assimilator  
  30  4:13  Assimilator  
  30  4:25  Zealot x2  
  34  4:40  Charge  
  34  4:42  Protoss Ground Armor Level 1  
  34  4:47  Templar Archives  
  34  4:53  Pylon  
  34  4:59  Stargate  
  34  5:05  Stargate  
  34  5:21  Probe x2 (Chrono Boost)  
  36  5:31  Probe x2 (Chrono Boost)  
  38  5:42  Dark Shrine  
  50  5:50  Phoenix  
  38  5:53  Phoenix  
  42  6:00  Protoss Air Weapons Level 1  
  42  6:11  Probe x2 (Chrono Boost)  
  44  6:18  Phoenix  
  44  6:19  Phoenix  
  48  6:39  Probe (Chrono Boost)  
  50  6:40  Probe (Chrono Boost)  
  50  6:43  Phoenix  
  50  6:44  Phoenix  
  54  7:04  Dark Templar  
  54  7:05  Dark Templar  
  58  7:33  Phoenix x2  
  62  8:23  Gateway  
  62  8:26  Gateway  
  62  8:27  Gateway  
  62  8:57  Dark Templar  
  62  9:07  Probe x2 (Chrono Boost)  
  62  9:09  Phoenix  
  62  9:19  Dark Templar  
  62  9:23  Phoenix  
  39  10:15  Dark Templar  
Show
View Real Time Build Order
Export as new Build Order

A.I. 1 (Very Hard) Zerg - Winner!

Build Orders: Pool First 

Get SALT Encoding   

  12  0:00  Drone  
  13  0:12  Overlord  
  13  0:17  Drone  
  14  0:30  Drone x2  
  14  0:34  Drone  
  17  0:47  Spawning Pool  
  17  0:49  Drone  
  17  1:11  Hatchery  
  17  1:14  Drone  
  17  1:18  Extractor  
  16  1:19  Extractor  
  16  1:21  Drone  
  16  1:26  Drone  
  16  1:30  Drone  
  18  1:38  Drone  
  19  1:48  Overlord  
  19  1:56  Queen  
  21  2:01  Zergling x2  
  22  2:10  Drone  
  23  2:23  Queen  
  23  2:28  Drone  
  26  2:34  Drone  
  27  2:39  Drone  
  27  2:43  Drone  
  29  2:57  Drone, Roach Warren  
  29  3:02  Drone  
  29  3:05  Zergling x2  
  31  3:07  Zergling x2  
  32  3:14  Overlord  
  32  3:17  Drone  
  33  3:21  Drone  
  34  3:38  Roach  
  34  3:39  Roach x2  
  34  3:40  Roach  
  42  3:43  Lair  
  42  3:48  Overlord  
  42  3:53  Overlord  
  42  3:56  Zergling x2  
  42  3:59  Zergling x2  
  44  4:07  Zergling x2, Drone x2  
  44  4:09  Drone  
  48  4:10  Drone  
  48  4:14  Drone  
  50  4:19  Overlord  
  50  4:22  Roach  
  52  4:25  Roach  
  52  4:29  Roach  
  56  4:32  Roach  
  56  4:36  Overlord  
  58  4:42  Drone  
  58  4:44  Drone  
  60  4:45  Hydralisk Den  
  60  4:46  Drone  
  60  4:49  Roach  
  64  4:53  Roach  
  64  4:56  Overlord  
  64  5:03  Drone  
  64  5:04  Drone  
  64  5:06  Drone  
  67  5:08  Drone  
  67  5:10  Drone  
  67  5:12  Drone  
  71  5:14  Hydralisk, Drone  
  71  5:17  Hydralisk  
  75  5:22  Overlord  
  75  5:25  Hydralisk  
  77  5:28  Hydralisk  
  77  5:30  Drone  
  77  5:32  Drone  
  77  5:34  Drone  
  82  5:37  Drone x2  
  82  5:40  Drone  
  82  5:42  Overlord  
  85  5:43  Drone  
  85  5:47  Ravager  
  85  5:49  Ravager  
  88  5:50  Hydralisk  
  88  5:52  Hydralisk  
  92  5:59  Hydralisk  
  92  6:00  Roach  
  92  6:01  Infestation Pit  
  95  6:05  Overlord  
  95  6:08  Hydralisk  
  97  6:13  Metabolic Boost  
  97  6:23  Overlord, Extractor  
  97  6:24  Drone, Roach  
  99  6:25  Evolution Chamber  
  99  6:26  Drone  
  99  6:28  Roach  
  101  6:37  Extractor  
  101  6:39  Infestor  
  102  6:40  Evolution Chamber  
  102  6:44  Drone, Evolution Chamber  
  102  6:46  Drone x2  
  103  6:47  Hatchery  
  103  6:48  Drone  
  103  6:50  Overlord  
  103  6:51  Zerg Melee Weapons Level 1  
  103  6:52  Drone  
  104  6:55  Infestor  
  104  7:00  Drone x3  
  109  7:06  Zerg Missile Weapons Level 1  
  109  7:14  Spine Crawler  
  109  7:15  Drone  
  109  7:19  Overseer, Drone, Spine Crawler  
  109  7:23  Zerg Ground Armor Level 1  
  109  7:26  Roach, Overlord  
  111  7:30  Hydralisk  
  111  7:34  Hydralisk  
  115  7:39  Hydralisk  
  115  7:43  Hydralisk  
  115  7:44  Overlord  
  119  7:57  Spore Crawler  
  118  7:59  Drone, Lurker Den, Spore Crawler  
  118  8:00  Drone x3  
  118  8:01  Drone x2  
  118  8:02  Drone  
  118  8:04  Drone  
  125  8:06  Drone  
  125  8:08  Drone  
  125  8:10  Drone  
  128  8:13  Drone, Extractor  
  128  8:16  Overlord  
  128  8:18  Drone  
  128  8:19  Drone  
  130  8:21  Drone  
  130  8:22  Drone  
  130  8:24  Drone  
  130  8:25  Drone  
  135  8:27  Drone  
  135  8:28  Drone  
  135  8:34  Hive  
  136  8:37  Overlord  
  136  8:39  Drone  
  136  8:40  Drone  
  138  8:41  Drone  
  139  8:48  Queen  
  139  8:53  Zerg Melee Weapons Level 2  
  141  8:56  Overlord  
  141  9:00  Glial Reconstitution  
  141  9:05  Extractor  
  141  9:07  Overseer  
  141  9:09  Zergling x2, Spine Crawler  
  135  9:14  Drone, Spire  
  135  9:22  Hydralisk  
  135  9:28  Drone x3  
  135  9:29  Ravager  
  135  9:31  Roach  
  136  9:33  Hydralisk  
  133  9:40  Queen  
  133  9:41  Hydralisk  
  133  9:43  Roach  
  133  9:45  Hydralisk, Viper  
  133  9:46  Spine Crawler  
  133  9:48  Roach  
  133  9:49  Drone, Hatchery  
  129  9:54  Zergling x2  
  129  9:56  Infestor  
  129  9:58  Roach  
  127  10:06  Roach  
  121  10:08  Roach x3, Ravager  
  121  10:09  Roach  
  121  10:10  Spine Crawler  
  121  10:12  Spine Crawler  
  124  10:15  Infestor  
  124  10:17  Roach  
  124  10:19  Roach  
  124  10:20  Roach  
  130  10:22  Roach  
  130  10:24  Hydralisk  
  130  10:25  Overlord  
  130  10:27  Corruptor  
  136  10:30  Overseer  
  136  10:31  Hydralisk  
  136  10:33  Hydralisk  
  140  10:37  Hydralisk  
  142  10:43  Overlord  
  142  10:44  Lurker  
  142  10:46  Hydralisk  
  145  10:51  Spore Crawler  
  145  10:53  Lurker  
  145  10:54  Spore Crawler  
  145  10:55  Hydralisk, Spine Crawler  
  145  11:02  Drone  
  145  11:03  Drone x4  
  145  11:04  Drone x4  
  152  11:07  Extractor  
  152  11:09  Spine Crawler  
  157  11:11  Extractor  
Tags
 
Matchup
PvZ
Opening
Pool First
Replay Pack
First 100 games
Spawn Locations
Cross Positions
Add a new tag
Caveats
  • Supply blocks, unpowered buildings, or Contaminate may cause inaccurate times.
  • Supply counts are checked every 10 seconds.